 Dungeon Crawl Stone Soup version 0.21.1-72-gffa868e0fe (webtiles) character file.

1355 Raybro228 the Cleaver (level 8, -2/66 HPs)
             Began as a Hill Orc Fighter on Aug 4, 2018.
             Slain by Crag's ghost (7 damage)
             ... on level 5 of the Dungeon.
             The game lasted 00:26:02 (5251 turns).

Raybro228 the Cleaver (Hill Orc Fighter)            Turns: 5251, Time: 00:26:02

Health: -2/66      AC: 10    Str: 23    XL:     8   Next: 63%
Magic:  8/8        EV:  7    Int:  8    God:
Gold:   125        SH:  9    Dex: 10    Spells: 7/7 levels left

rFire    . . .     SeeInvis .   C - -2 hand axe (curse)
rCold    . . .     Gourm    .   c - +0 shield
rNeg     . . .     Faith    .   b - +0 scale mail
rPois    +         Spirit   .   (no helmet)
rElec    .         Reflect  .   (no cloak)
rCorr    .         Harm     +   p - +1 pair of gloves
MR       .....                  (no boots)
Stlth    ..........             i - amulet of harm
HPRegen  0.21/turn              m - +2 ring of strength
MPRegen  0.11/turn              y - ring of poison resistance

@: no status effects
A: no striking features
a: no special abilities


You were on level 5 of the Dungeon.
You were hungry.

You visited 1 branch of the dungeon, and saw 5 of its levels.
You also visited: Sewer.

You collected 125 gold pieces.

Inventory:

Hand Weapons
 a - a +0 war axe
 q - a +0 flail of protection
 C - a cursed -2 hand axe (weapon)
 G - a +4 rapier of speed
Armour
 b - a +0 scale mail (worn)
 c - a +0 shield (worn)
 p - a +1 pair of gloves (worn)
Jewellery
 i - an amulet of harm (around neck)
 m - a +2 ring of strength (left hand)
 y - a ring of poison resistance (right hand)
 B - an uncursed ring of positive energy {unknown}
 H - an uncursed ring of protection from cold {unknown}
 I - an uncursed ring of positive energy {unknown}
Wands
 v - a wand of digging (8)
Scrolls
 e - a scroll of immolation {unknown}
 l - a scroll of magic mapping {unknown}
 o - a scroll of blinking {unknown}
 r - 4 scrolls of teleportation
 s - 2 scrolls of identify
 x - 2 scrolls of fear
 D - a scroll of amnesia {unknown}
Potions
 d - a potion of cancellation {unknown}
 g - a potion of resistance {unknown}
 h - 3 potions of haste
 j - 2 potions of agility
 k - a potion of berserk rage {unknown}
 n - 2 potions of lignification
 t - 7 potions of curing
 u - 2 potions of heal wounds
 w - a potion of invisibility {unknown}
 z - 2 potions of brilliance {unknown}
 A - a potion of mutation {unknown}
 E - a potion of magic {unknown}
 F - a potion of ambrosia {unknown}
Comestibles
 f - 2 rations


   Skills:
 - Level 4.0 Fighting
 - Level 9.4 Axes
 + Level 8.8 Armour
 - Level 3.4 Shields


You had 7 spell levels left.
You didn't know any spells.

Dungeon Overview and Level Annotations

Branches:
Dungeon (5/15)
 Temple: D:4-7

Altars:
Sif Muna

Annotations:
D:5 Crag's ghost, novice DrFi


Message History

Crag's ghost is almost destroyed.
You block Crag's ghost's attack.
You barely miss Crag's ghost.
Crag's ghost is almost destroyed.
Crag's ghost hits you!
* * * LOW HITPOINT WARNING * * *
Your shield prevents you from hitting Crag's ghost.
Crag's ghost is almost destroyed.
Crag's ghost closely misses you.
You closely miss Crag's ghost.
Crag's ghost is almost destroyed.
You block Crag's ghost's attack.
You barely miss Crag's ghost.
Crag's ghost is almost destroyed.
Crag's ghost hits you!
* * * LOW HITPOINT WARNING * * *
You hit Crag's ghost but do no damage.
Crag's ghost is almost destroyed.
Crag's ghost hits you.
You die...

.......# ##.#
#....######W
.......# #.#
#....##.W...
....)..# #.#
#....##.####
.......# #.##
#.....#.#
.......# #..#
#.....#W#
.......# ##.#
#.......#
.......# #.#
#....####
.......# #W#
##'### .......#
##@######.#
.......#
##.........#
########
#..........#
####..........###
#...............#
#...........#.#.#
#.......#[###.#.#
#.......#..##.#.#
#.......#..##.#.#


You could see Crag's ghost.

Vanquished Creatures
  Grinder (D:5)
  Eustachio (D:5)
  The ghost of Raybro228 the Chopper, an amateur MiFi (D:4)
  An ice beast (D:5)
  A big kobold (Sewer)
  A scorpion (D:4)
  3 hounds
  An orc priest (D:5)
  An iguana (D:4)
  5 worker ants
  2 orc wizards
  A hound zombie (D:5)
  2 worker ant zombies
  8 gnolls
  6 adders
  3 river rats (D:3)
  A shadow imp (D:5)
  2 oozes
  An adder skeleton (D:5)
  6 worms
  6 dart slugs
  3 leopard geckos
  9 orcs
  5 giant cockroaches
  4 goblins
  7 hobgoblins
  3 jackals (D:3)
  3 quokkas
  4 ball pythons
  7 bats
  7 frilled lizards
  20 kobolds
  A leopard gecko zombie (D:2)
  A quokka skeleton (D:4)
  A quokka zombie (D:5)
  6 rats
135 creatures vanquished.

Notes
Turn   | Place    | Note
-------+----------+-------------------------------------------
     0 | D:1      | Raybro228 the Hill Orc Fighter began the quest for the Orb.
     0 | D:1      | Reached XP level 1. HP: 19/19 MP: 1/1
    66 | D:1      | Reached XP level 2. HP: 5/27 MP: 2/2
   234 | D:1      | Reached skill level 3 in Axes
   406 | D:1      | Reached XP level 3. HP: 29/33 MP: 3/3
   606 | D:1      | Reached skill level 4 in Axes
  1272 | D:2      | Reached XP level 4. HP: 39/40 MP: 4/4
  1392 | D:2      | Reached skill level 5 in Axes
  1511 | D:2      | Found a deep blue altar of Sif Muna.
  1731 | D:3      | Reached skill level 6 in Axes
  1731 | D:3      | Reached XP level 5. HP: 45/46 MP: 5/5
  1951 | D:3      | Reached skill level 7 in Axes
  2219 | D:3      | Found a glowing drain.
  2225 | Sewer    | Entered a sewer
  2270 | Sewer    | Reached XP level 6. HP: 52/52 MP: 6/6
  2352 | Sewer    | Reached skill level 8 in Axes
  2874 | D:4      | Noticed Raybro228's ghost (amateur MiFi)
  2894 | D:4      | Killed Raybro228's ghost
  2894 | D:4      | Reached skill level 9 in Axes
  2894 | D:4      | Reached XP level 7. HP: 26/59 MP: 7/7
  3517 | D:4      | Reached skill level 5 in Armour
  3996 | D:5      | Entered Level 5 of the Dungeon
  4082 | D:5      | Noticed Grinder
  4096 | D:5      | Paralysed by Grinder for 2 turns
  4107 | D:5      | Killed Grinder
  4107 | D:5      | Reached XP level 8. HP: 29/66 MP: 8/8
  4265 | D:5      | Noticed Crag's ghost (novice DrFi)
  4573 | D:5      | Noticed Eustachio
  4639 | D:5      | Killed Eustachio
  5251 | D:5      | Slain by Crag's ghost

Skill      XL: |  1  2  3  4  5  6  7  8 |
---------------+-------------------------+-----
Fighting       | 4 |  4.0
Axes           | 3 4 6 7 9 |  9.4
Armour         | 6 8 |  8.8
Shields        | |  3.4

Action                   |  1- 3 |  4- 6 |  7- 9 || total
-------------------------+-------+-------+-------++-------
Melee: War axe           |    91 |   226 |     7 ||   324
       Hand axe          |       |       |   424 ||   424
  Use: Scroll            |       |     4 |     4 ||     8
       Potion            |       |     3 |     4 ||     7
  Eat: Chunk             |     1 |     5 |     2 ||     8
       Ration            |       |     1 |     1 ||     2
Armor: Scale mail        |    38 |   100 |   139 ||   277
Dodge: Dodged            |    26 |    70 |    92 ||   188
Block: Shield            |    46 |   102 |   142 ||   290
